 Dungeon Crawl Stone Soup version 0.28-a0-519-gbfeecf2fc5 (webtiles) character file.

Game seed: 6926253100280426238

703 heikuro the Chopper (level 7, -19/61 HPs)
             Began as a Minotaur Fighter on Sept 24, 2021.
             Was a Follower of Okawaru.
             Demolished by an ogre (27 damage)
             ... on level 5 of the Dungeon.
             The game lasted 00:06:32 (4887 turns).

heikuro the Chopper (Minotaur Fighter)              Turns: 4887, Time: 00:06:32

Health: -19/61     AC:  9    Str: 22    XL:     7   Next: 39%
Magic:  7/7        EV:  8    Int:  5    God:    Okawaru [*.....]
Gold:   190        SH:  5    Dex: 10    Spells: 6/6 levels left

rFire   . . .      SeeInvis +   a - +0 war axe
rCold   . . .      Faith    .   c - +0 buckler
rNeg    . . .      Spirit   .   q - +0 chain mail
rPois   .          Reflect  .   (helmet restricted)
rElec   .          Harm     .   k - scarf {+Inv}
rCorr   +          Rampage  .   (no gloves)
Will    .....                   (no boots)
Stlth   ..........              (no amulet)
HPRegen 0.20/turn               v - ring of see invisible
MPRegen 0.10/turn               j - ring of resist corrosion

@: no status effects
A: horns 2, retaliatory headbutt
a: Renounce Religion, Evoke Invisibility, Heroism


You were on level 5 of the Dungeon.
You worshipped Okawaru.
Okawaru was aware of your devotion.
You visited 2 branches of the dungeon, and saw 6 of its levels.

You collected 190 gold pieces.

Inventory:

Hand Weapons
 a - a +0 war axe (weapon)
 u - a +1 halberd of flaming
Missiles
 h - 27 poisoned darts (quivered)
 n - 3 boomerangs
Armour
 c - a +0 buckler (worn)
 k - a scarf of invisibility (worn)
 q - a +0 chain mail (worn)
Jewellery
 j - a ring of resist corrosion (right hand)
 s - a ring of flight
 v - a ring of see invisible (left hand)
 w - a ring of protection from cold
 x - a ring of positive energy
Scrolls
 b - 3 scrolls of identify {unknown}
 e - a scroll of fog {unknown}
 i - a scroll of enchant armour {unknown}
 l - 3 scrolls of teleportation {unknown}
 m - 2 scrolls of vulnerability {unknown}
 o - a scroll of fear {unknown}
 p - a scroll of silence {unknown}
 t - a scroll of magic mapping {unknown}
Potions
 d - a potion of might
 f - 2 potions of lignification {unknown}
 g - a potion of berserk rage {unknown}
 r - 2 potions of curing


   Skills:
 + Level 5.3 Fighting
 * Level 6.1 Axes
 + Level 5.3 Armour
 - Level 5.0 Shields
 + Level 1.6 Invocations
 + Level 2.5 Evocations


You had 6 spell levels left.
You didn't know any spells.
Your spell library contained the following spells:

 Spells                   Type           Power      Damage    Failure   Level
 Sublimation of Blood     Necr           0%         N/A       99%         2
 Petrify                  Tmut/Erth      0%         N/A       100%        4
 Irradiate                Conj/Tmut      0%         3d13      100%        5


Dungeon Overview and Level Annotations

Branches:
Dungeon (5/15)             Temple (1/1) D:4

Altars:
Ashenzari
Cheibriados
Dithmenos
Elyvilon
Fedhas
Gozag
Hepliaklqana
Kikubaaqudgha
Makhleb
Nemelex Xobeh
Okawaru
Qazlal
Ru
Sif Muna
Trog
Uskayaw
Vehumet
Wu Jian
Xom
Yredelemnul
Zin
The Shining One


Innate Abilities, Weirdness & Mutations

You have a pair of horns on your head.
You reflexively headbutt those who attack you in melee.


Message History

You kill the adder!
Okawaru accepts your kill.
You feel sick.
You start resting.
You feel sick. x6
You are no longer poisoned.
Found a stone staircase leading up.
You start resting.
HP restored.
f - 2 murky purple potions (gained 1)
Found a ring mail.
Found an escape hatch in the floor.
You see here a +0 ring mail.
x - a ring of positive energy You open the door.
There is an open door here.
There is an open door here.
There is an escape hatch in the floor here.
You see here a +0 ring mail.
An ogre comes into view. It is wielding a +0 giant club.
The ogre shouts!
You hit the ogre.
The ogre is lightly wounded.
The ogre barely misses you.
You barely miss the ogre.
The ogre is lightly wounded.
The ogre barely misses you. You furiously retaliate!
You headbutt the ogre. You hit the ogre.
The ogre is moderately wounded.
The ogre hits you with a +0 giant club!
You hit the ogre. You headbutt the ogre.
The ogre is heavily wounded.
The ogre hits you with a +0 giant club!!
You hit the ogre.
The ogre is heavily wounded.
The ogre hits you with a +0 giant club!
* * * LOW HITPOINT WARNING * * *
You hit the ogre.
The ogre is almost dead.
The ogre hits you with a +0 giant club!!
You die...

#....####.#.##.#
#######<.......#.#
###........#
#...######
#........#
#######..#####.##
#....##.........#
#....###.#####..#
#....###.# #@.#
#........# #O.#
#........# #..# #
#....[...##.....# #
#........##.....# #
#....###.##.....# #
#.....##.#......#
###>....##.#....#.#
..'.....##.#.... .#


You could see an ogre.

Vanquished Creatures
  Sigmund (D:3)
  2 necrophages
  A centaur zombie (D:5)
  A hound (D:4)
  An orc priest (D:5)
  Terence (D:3)
  An orc wizard (D:5)
  An iguana (D:5)
  Natasha (D:3)
  A howler monkey zombie (D:5)
  4 gnolls
  6 adders
  An ufetubus (D:5)
  An adder skeleton (D:4)
  2 worms
  A dart slug (D:2)
  5 orcs
  4 bats
  3 endoplasms
  A giant cockroach (D:3)
  4 goblins
  4 hobgoblins
  3 quokkas
  8 ball pythons
  4 frilled lizards
  6 kobolds
  6 rats
74 creatures vanquished.

Notes
Turn   | Place    | Note
-------+----------+-------------------------------------------
     0 | D:1      | heikuro the Minotaur Fighter began the quest for the Orb.
     0 | D:1      | Reached XP level 1. HP: 19/19 MP: 0/0
    41 | D:1      | Reached XP level 2. HP: 19/27 MP: 1/1
   137 | D:1      | Found a faded altar of an unknown god.
   447 | D:1      | Reached skill level 3 in Axes
  1300 | D:2      | Reached XP level 3. HP: 33/33 MP: 2/2
  2013 | D:3      | Noticed Terence
  2020 | D:3      | Killed Terence
  2021 | D:3      | Reached XP level 4. HP: 20/40 MP: 3/3
  2358 | D:3      | Noticed Natasha
  2364 | D:3      | Killed Natasha
  2365 | D:3      | Reached skill level 4 in Axes
  2365 | D:3      | Reached skill level 1 in Evocations
  2419 | D:3      | Found an ornate altar of the Wu Jian Council.
  2631 | D:3      | Noticed Sigmund
  2644 | D:3      | Killed Sigmund
  2645 | D:3      | Reached XP level 5. HP: 27/47 MP: 4/4
  2645 | D:3      | Reached XP level 6. HP: 30/53 MP: 5/5
  3020 | D:4      | Found a staircase to the Ecumenical Temple.
  3029 | Temple   | Entered the Ecumenical Temple
  3211 | Temple   | Became a worshipper of Warmaster Okawaru
  3386 | D:4      | Reached skill level 5 in Axes
  3980 | D:3      | Reached skill level 5 in Shields
  4310 | D:5      | Entered Level 5 of the Dungeon
  4333 | D:5      | Reached skill level 5 in Fighting
  4333 | D:5      | Reached skill level 5 in Armour
  4333 | D:5      | Reached skill level 1 in Invocations
  4465 | D:5      | Reached XP level 7. HP: 59/61 MP: 6/6
  4667 | D:5      | Reached * piety under Okawaru
  4668 | D:5      | Reached skill level 6 in Axes
  4887 | D:5      | Demolished by an ogre

Illustrated notes

Levels and vault maps discovered:
D:1:      lightli_arrival_boilingwater, layout_basic,
          chequers_ecumenical_altar_simple, minmay_distorted
D:2:      layout_rooms, kennysheep_nondescript, bh_walls_and_bars
D:3:      layout_loops_corners, mainiacjoe_overflow_alcove_1, uniq_natasha,
          uniq_sigmund, uniq_terence
D:4:      layout_loops_ring, minmay_temple_entry_butterflies
D:5:      layout_basic, serial_shops, shop, solitary_fountain,
          minmay_fractal_squares_gapless_5
Temple:   minmay_crystal_snake_temple

Skill      XL: |  1  2  3  4  5  6  7 |
---------------+----------------------+-----
Axes           | 3 4 5 6 |  6.1
Shields        | 4 5 |  5.0
Fighting       | 4 5 |  5.3
Armour         | 4 5 |  5.3
Evocations     | 1 2 |  2.5
Invocations    | 1 |  1.6

Action                   |  1- 3 |  4- 6 |  7- 9 || total
-------------------------+-------+-------+-------++-------
Melee: War axe           |    67 |   101 |    35 ||   203
       Headbutt          |    10 |    17 |     9 ||    36
Throw: Dart              |       |     7 |       ||     7
Armor: Scale mail        |    37 |       |       ||    37
       Chain mail        |       |    54 |    19 ||    73
Dodge: Dodged            |    33 |    30 |    11 ||    74
Block: Buckler           |    11 |    22 |     7 ||    40

Table legend: (Time is in decaauts)
 A = Elapsed time spent in this place.
 B = Non-inter-level travel time spent in this place.
 C = Inter-level travel time spent in this place.
 D = Time resting spent in this place.
 E = Time spent auto-exploring this place.
 F = Levels seen in this place.
 G = Mean time per level.
                   A        B        C        D        E       F      G
               +--------+--------+--------+--------+--------+-----+--------+
         Total |   4946 |   4659 |    287 |    766 |   2980 |   6 |  824.3 |
       Dungeon |   4734 |   4475 |    259 |    766 |   2830 |   5 |  946.8 |
        Temple |    211 |    183 |     28 |      0 |    150 |   1 |  211.0 |
               +--------+--------+--------+--------+--------+-----+--------+

Top non-repeatable levels by time:
     D:3: 1303 daAuts
     D:1: 1204 daAuts
     D:4: 996 daAuts
     D:2: 642 daAuts
     D:5: 587 daAuts
  Temple: 211 daAuts
